 Dungeon Crawl Stone Soup version 0.21.1-1-g345015f (webtiles) character file.

120 Fang the Skirmisher (level 5, -4/49 HPs)
             Began as a Gargoyle Berserker on May 29, 2018.
             Was a Believer of Trog.
             Slain by skjohnston's ghost (7 damage)
             ... on level 3 of the Dungeon.
             The game lasted 00:03:20 (2720 turns).

Fang the Skirmisher (Gargoyle Berserker)            Turns: 2720, Time: 00:03:21

Health: -4/49      AC:  7    Str: 27    XL:     5   Next: 4%
Magic:  5/5        EV: 12    Int:  7    God:    Trog [**....]
Gold:   61         SH:  0    Dex:  9    Spells: 4/4 levels left

rFire    . . .     SeeInvis +   a - +0 hand axe
rCold    + . .     Gourm    .   (no shield)
rNeg     + . .     Faith    .   b - +1 animal skin
rPois    ∞         Spirit   .   (no helmet)
rElec    +         Reflect  .   (no cloak)
rCorr    .         Harm     .   (no gloves)
MR       .....                  (no boots)
Stlth    ..........             (no amulet)
HPRegen  0.16/turn              j - ring of protection from cold
MPRegen  0.09/turn              s - ring of see invisible

@: berserking (expiring), very slightly contaminated, very quick
A: negative energy resistance 1, electricity resistance, unbreathing,
petrification resistance, rot immunity, AC +4
a: Berserk, Trog's Hand, Burn Spellbooks, Renounce Religion


You were on level 3 of the Dungeon.
You worshipped Trog.
Trog was pleased with you.
You were not hungry.

You visited 1 branch of the dungeon, and saw 3 of its levels.

You collected 61 gold pieces.

Inventory:

Hand Weapons
 a - a +0 hand axe (weapon)
Armour
 b - a +1 animal skin (worn)
Jewellery
 j - a ring of protection from cold (left hand)
 q - an uncursed ring of poison resistance
 s - a ring of see invisible (right hand)
Scrolls
 f - a scroll of fog
 g - 4 scrolls of teleportation
 h - a scroll of identify
 k - a scroll of remove curse
Potions
 e - a potion of berserk rage
 i - a potion of haste
 l - a potion of curing
 m - a potion of agility
 p - a potion of flight
 r - a potion of lignification
Comestibles
 c - a ration


   Skills:
 + Level 4.2 Fighting
 + Level 4.0 Axes
 + Level 2.3 Armour
 + Level 2.3 Dodging
 + Level 0.4 Stealth


You had 4 spell levels left.
You didn't know any spells.

Dungeon Overview and Level Annotations

Branches:
Dungeon (3/15)

Altars:

Annotations:
D:3 skjohnston's ghost, amateur MiFi


Innate Abilities, Weirdness & Mutations

You are resistant to torment.
Your stone body is resilient. (AC +4)
You are immune to poison.
You resist negative energy. (rN+)
You are resistant to electric shocks. (rElec)
You can survive without breathing.
You are immune to petrification.
You are immune to rotting.


Message History

Skjohnston's ghost is lightly damaged.
Skjohnston's ghost barely misses you.
You barely miss skjohnston's ghost.
Skjohnston's ghost is lightly damaged.
Skjohnston's ghost hits you!
* * * LOW HITPOINT WARNING * * *
You closely miss skjohnston's ghost.
Skjohnston's ghost is lightly damaged.
You hit skjohnston's ghost.
Skjohnston's ghost is lightly damaged.
Skjohnston's ghost hits you.
* * * LOW HITPOINT WARNING * * *
The orc priest looks satisfied for a moment.
You hit skjohnston's ghost.
Skjohnston's ghost is moderately damaged.
Skjohnston's ghost hits you but does no damage.
You hit skjohnston's ghost.
Skjohnston's ghost is moderately damaged.
Skjohnston's ghost hits you!
You die...

...............>.....#
....####........##.###
...# #........#...###
#..# #..o...........##
#..####.#...#.##..)...##
#.....ooo.....###.#.....
##.####K##.##.# #.#...##
##.####W##.# .# #.#####
#......@...# #.######
#.########## #.......
#.# ######## #.# #.# ###
#.###.###### #(.
#..........# #######§#
#.......####.######.
#.....§§§
#o#######...!...)...
#.#####§#


You could see an orc priest, skjohnston's ghost, 2 orcs and a kobold.

Vanquished Creatures
  An orc priest (D:3)
  A shadow imp (D:2)
  4 worms (D:2)
  A dart slug (D:1)
  A leopard gecko (D:2)
  2 orcs (D:3)
  A giant cockroach (D:3)
  3 goblins
  7 hobgoblins
  12 jackals
  10 bats
  A frilled lizard (D:1)
  8 kobolds
  11 rats
63 creatures vanquished.

Notes
Turn   | Place    | Note
-------+----------+-------------------------------------------
     0 | D:1      | Fang the Gargoyle Berserker began the quest for the Orb.
     0 | D:1      | Reached XP level 1. HP: 14/14 MP: 1/1
    64 | D:1      | Reached XP level 2. HP: 12/19 MP: 2/2
   537 | D:1      | Reached XP level 3. HP: 16/24 MP: 3/3
   876 | D:1      | Reached ** piety under Trog
  1522 | D:2      | Reached XP level 4. HP: 21/29 MP: 4/4
  2297 | D:3      | Reached XP level 5. HP: 33/33 MP: 5/5
  2697 | D:3      | Noticed skjohnston's ghost (amateur MiFi)
  2720 | D:3      | Slain by skjohnston's ghost

Skill      XL: |  1  2  3  4 |
---------------+-------------+-----
Axes           | 3 4 |  4.0
Dodging        | 2 |  2.3
Fighting       | 4 |  4.2
Armour         | |  2.3
Stealth        | |  0.4

Action                   |  1- 3 |  4- 6 || total
-------------------------+-------+-------++-------
Melee: Hand axe          |   104 |   113 ||   217
Invok: Berserk           |     3 |     3 ||     6
  Use: Scroll            |       |    12 ||    12
       Potion            |       |     2 ||     2
  Eat: Chunk             |     4 |     5 ||     9
       Ration            |       |     1 ||     1
Armor: Animal skin       |    47 |    42 ||    89
Dodge: Dodged            |    86 |    98 ||   184
